 Dungeon Crawl Stone Soup version 0.30.0 (webtiles) character file.

Game seed: 10206582464540705620

345 GeorgeSoros the Conjurer (level 6, -2/48 HPs)
             Began as a Demonspawn Reaver on Nov 2, 2023.
             Slain by a killer bee (3 damage)
             ... on level 6 of the Dungeon.
             The game lasted 00:16:19 (2957 turns).

GeorgeSoros the Conjurer (Demonspawn Reaver)        Turns: 2957, Time: 00:16:21

Health: -2/48      AC:  7    Str: 14    XL:     6   Next: 32%
Magic:  9/9        EV: 16    Int: 14    God:
Gold:   200        SH:  0    Dex: 12    Spells: 8/9 levels left

rFire   + . .        a - +0 falchion
rCold   + . .        (no shield)
rNeg    . . .        i - +0 leather armour
rPois   +            e - +1 hat
rElec   +            (no cloak)
rCorr   +            c - +0 pair of gloves
SInv    +            (no boots)
Will    .....        (no amulet)
Stlth   +            f - +5 ring of evasion
HPRegen 0.28/turn    v - ring of see invisible
MPRegen 0.11/turn

%: no passive effects
@: lethally poisoned (-2 -> -3), resistant
A: yellow scales 1, weakness stinger 1
a: no special abilities


You were on level 6 of the Dungeon.
You visited 1 branch of the dungeon, and saw 4 of its levels.
You also visited: Sewer.

You collected 200 gold pieces.

Inventory:

Hand Weapons
 a - a +0 falchion (weapon)
 b - a +1 arbalest of flaming
Missiles
 m - 2 throwing nets
 o - 4 silver boomerangs
Armour
 c - a +0 pair of gloves (worn)
 e - a +1 hat (worn)
 i - a +0 leather armour (worn)
Jewellery
 f - a +5 ring of evasion (left hand)
 k - a ring of ice
 v - a ring of see invisible (right hand)
Scrolls
 g - a scroll of vulnerability
 h - a scroll of identify
 j - a scroll of magic mapping
 l - a scroll of amnesia {unknown}
 n - a scroll of torment {unknown}
 q - a scroll of silence {unknown}
 s - a scroll of enchant armour {unknown}
 t - a scroll of butterflies {unknown}
 w - 2 scrolls of fog {unknown}
 x - a scroll of enchant weapon {unknown}
Potions
 d - 3 potions of heal wounds
 p - 2 potions of flight
 r - a potion of resistance
 u - a potion of curing


   Skills:
 + Level 4.2 Fighting
 - Level 4.2 Long Blades
 * Level 0.9 Ranged Weapons
 - Level 1.7 Dodging
 - Level 2.0 Spellcasting
 - Level 4.6 Conjurations


You had 8 spell levels left.
You knew the following spells:

 Your Spells              Type           Power      Damage    Failure   Level
a - Kiss of Death         Conj/Necr      28%        2d7       12%         1

Your spell library contained the following spells:

 Spells                   Type           Power      Damage    Failure   Level
 Momentum Strike          Conj/Tloc      14%        3d8       19%         2
 Hailstorm                Conj/Ice       7%         3d4       34%         3
 Call Canine Familiar     Summ           1%         N/A       65%         3
 Portal Projectile        Hex/Tloc       2%         N/A       65%         3
 Leda's Liquefaction      Hex/Erth       0%         N/A       96%         4


Dungeon Overview and Level Annotations

Branches:
Dungeon (6/15)              Sewer (visited)
 Temple: D:4-7

Altars:
Yredelemnul

Shops:
D:3 =


Innate Abilities, Weirdness & Mutations

You are partially covered in yellow scales. (AC +2)
You have a small tail.


Message History

You barely miss the killer bee. The killer bee stings you.
You are poisoned.
The killer bee poisons you!
The killer bee stings you but does no damage.
The killer bee misses you. The killer bee stings you.
The killer bee barely misses you. x2; The killer bee misses you.
The killer bee barely misses you. The killer bee closely misses you.
The killer bee barely misses you.
The killer bee stings you but does no damage.
The killer bee misses you.
You closely miss the killer bee.
You feel sick. The killer bee closely misses you.
The killer bee barely misses you. x3
The killer bee stings you. The killer bee closely misses you.
The killer bee stings you. x2
* * * LOW HITPOINT WARNING * * *
Unknown command.
You closely miss the killer bee.
You feel sick.
The killer bee barely misses you. x2; The killer bee stings you.
* * * LOW HITPOINT WARNING * * *
The killer bee misses you. The killer bee closely misses you.
The killer bee stings you.
* * * LOW HITPOINT WARNING * * *
The killer bee barely misses you. x2
You hit the killer bee.
The killer bee is moderately wounded.
You feel sick. The killer bee closely misses you.
The killer bee completely misses you. The killer bee stings you.
* * * LOW HITPOINT WARNING * * *
The killer bee barely misses you. The killer bee completely misses you.
The killer bee stings you.
* * * LOW HITPOINT WARNING * * *
The killer bee stings you but does no damage.
The killer bee closely misses you.
You hit the killer bee but do no damage.
The killer bee is moderately wounded.
You feel sick. The killer bee barely misses you. The killer bee stings you.
* * * LOW HITPOINT WARNING * * *
The killer bee stings you but does no damage. x2
The killer bee stings you.
You die...

..........+......
#........#....#
#........#....####
#........##.......
#...........#.####y..
#...........+.y.y.y..
##.#.#'#...S#.#
#.#.#.#..yy#.#
#.#.#.#...@y.# ...
#.#.#.#...y######.. ....
#.#.#.............. ....
##.#.#.............#
.....+...................
.....##.#.#......######.#
........#........+ .
.....#..###......# ....
#..###......#


You could see 4 killer bees and an adder.

Vanquished Creatures
  2 bullfrogs (Sewer)
  A hound (D:6)
  3 gnolls
  7 adders
  An ufetubus (D:6)
  A worm (D:3)
  5 dart slugs
  An orc (D:3)
  3 endoplasms (Sewer)
  7 giant cockroaches (Sewer)
  5 goblins
  5 hobgoblins
  4 kobolds
  8 quokkas
  11 ball pythons
  5 bats
  8 frilled lizards
  4 rats
81 creatures vanquished.

Vanquished Creatures (others)
  A plant (D:3)
1 creature vanquished.

Grand Total: 82 creatures vanquished

Notes
Turn   | Place    | Note
-------+----------+-------------------------------------------
     0 | D:1      | GeorgeSoros the Demonspawn Reaver began the quest for the
                  | Orb.
     0 | D:1      | Reached XP level 1. HP: 16/16 MP: 3/3
   223 | D:1      | Gained mutation: You are partially covered in yellow
                  | scales. (AC +2) [demonic ancestry]
   223 | D:1      | Reached XP level 2. HP: 21/22 MP: 5/5
   814 | D:1      | Reached XP level 3. HP: 19/28 MP: 6/6
  1326 | D:2      | Reached XP level 4. HP: 31/31 MP: 7/7
  1616 | D:3      | Found a basalt altar of Yredelemnul.
  1717 | D:3      | Found a glowing drain.
  1734 | Sewer    | Entered a sewer
  2125 | Sewer    | Reached XP level 5. HP: 41/41 MP: 8/8
  2334 | Sewer    | Gained mutation: You have a small tail. [demonic ancestry]
  2334 | Sewer    | Reached XP level 6. HP: 32/48 MP: 9/9
  2621 | D:3      | Found Vesom's Jewellery Shop.
  2835 | D:3      | You fall into a shaft and drop 3 floors!
  2957 | D:6      | HP: 1/48 [killer bee (2)]
  2957 | D:6      | Slain by a killer bee

Illustrated notes

Levels and vault maps discovered:
D:1:      lemuel_arrival_river_ford, layout_basic,
          nicolae_kite_square_tiling_tiny
D:2:      layout_rooms
D:3:      layout_basic, old_standard_altar, cheibrodos_sewer_entry_bend,
          serial_bayou, serial_bayou_pond_d, serial_bayou_ford_a,
          serial_bayou_shore_b, serial_bayou_pond_e, serial_shops, shop
D:6:      layout_basic, minmay_temple_entry_wispy

Skill      XL: |  1  2  3  4  5 |
---------------+----------------+-----
Long Blades    | 3 4 |  4.2
Fighting       | 3 4 |  4.2
Conjurations   | 4 |  4.6
Ranged Weapons | |  0.9
Dodging        | |  1.7
Spellcasting   | |  2.0

Action                     |  1- 3 |  4- 6 || total
---------------------------+-------+-------++-------
  Melee: Falchion          |    91 |   260 ||   351
         Punch             |     1 |     4 ||     5
         Tailslap          |       |     4 ||     4
   Fire: Arbalest          |       |     4 ||     4
   Cast: Kiss of Death     |     2 |       ||     2
    Use: Scroll            |     7 |     1 ||     8
         Potion            |       |     2 ||     2
 Armour: Leather armour    |    17 |    93 ||   110
  Dodge: Dodged            |    58 |   313 ||   371
